Selects Australian Defense Battlegroup
Selects Australian Defense Battlegroup
Selects Australian Light Infantry Section
Australian Light Infantry Section
Australian Light Infantry Section
Australian Light Infantry Section
Selects 2-pounder Anti-tank Gun Team
2-pounder Anti-tank Gun Team
Construct Field Infirmary
2-pounder Anti-tank Gun Team
Construct Section Command Post
Construct Platoon Command Post
Selects CMP 15cwt Supply Run
Selects Artillery Trip Wire Flares
Construct Company Command Post
Australian Light Infantry Section
2-pounder Anti-tank Gun Team
Selects Vehicle Over Repair
Australian Light Infantry Section
Selects Archer Tank Destroyer
Unlock Bishop Self-propelled Artillery
Bishop Self-propelled Artillery